 Dungeon Crawl Stone Soup version 0.24.0-28-g17ded55e90 (webtiles) character file.

Game seed: 16727128260510446280, levelgen mode: deterministic

1122 sking99 the Ruffian (level 8, -6/67 HPs)
             Began as a Green Draconian Transmuter on Nov 12, 2019.
             Was a Follower of Okawaru.
             Mangled by an ice beast (9 damage)
             ... on level 6 of the Dungeon.
             The game lasted 00:10:43 (6920 turns).

sking99 the Ruffian (Green Draconian Transmuter)    Turns: 6920, Time: 00:10:43

Health: -6/67      AC: 12    Str: 13    XL:     8   Next: 12%
Magic:  11/11      EV: 10    Int: 16    God:    Okawaru [*.....]
Gold:   146        SH:  9    Dex: 11    Spells: 8/11 levels left

rFire    . . .     SeeInvis .     - Unarmed
rCold    . . .     Gourm    .   l - +0 shield
rNeg     . . .     Faith    .   (armour unavailable)
rPois    +         Spirit   .   (helmet restricted)
rElec    .         Reflect  .   k - +2 cloak
rCorr    .         Harm     .   (no gloves)
MR       .....                  j - +2 pair of boots
Stlth    +.........             (no amulet)
HPRegen  0.21/turn              (no ring)
MPRegen  0.12/turn              (no ring)

@: slowed, studying Stealth, very slow
A: breathe noxious fumes, unfitting armour, poison resistance, cold-blooded, AC
+6
a: Breathe Noxious Fumes, Heroism, Renounce Religion


You were on level 6 of the Dungeon.
You worshipped Okawaru.
Okawaru was aware of your devotion.
You were not hungry.

You visited 1 branch of the dungeon, and saw 6 of its levels.

You collected 146 gold pieces.

Inventory:

Missiles
 a - 27 arrows
 i - 3 throwing nets (quivered)
Armour
 j - a +2 pair of boots (worn)
 k - a +2 cloak (worn)
 l - a +0 shield (worn)
Wands
 n - a wand of random effects (13)
 o - a wand of iceblast (5)
 u - a wand of digging (4)
Scrolls
 b - 6 scrolls of remove curse
 d - 3 scrolls of fear
 g - 4 scrolls of identify
 h - 3 scrolls of enchant armour
 q - a scroll of fog {unknown}
 s - a scroll of amnesia
 t - a scroll of magic mapping
Potions
 e - a potion of magic
 f - a potion of haste
 p - 5 potions of might
Books
 r - a manual of Stealth
Comestibles
 c - 9 rations


   Skills:
 + Level 4.6 Fighting
 - Level 1.7 Dodging
 * Level 4.4 Shields
 * Level 6.8 Unarmed Combat
 - Level 2.0 Spellcasting
 - Level 4.1 Transmutations
 + Level 0.2 Invocations


You had 8 spell levels left.
You knew the following spells:

 Your Spells              Type           Power        Failure   Level  Hunger
a - Beastly Appendage     Tmut           ##....       16%         1    #......
b - Sticks to Snakes      Tmut           ##......     22%         2    ###....

Your spell library contained the following spells:

 Spells                   Type           Power        Failure   Level  Hunger
 Spider Form              Tmut/Pois      #.........   71%         3    ###....
 Ice Form                 Ice/Tmut       #.......     98%         4    #####..
 Blade Hands              Tmut           ##........   99%         5    ######.


Dungeon Overview and Level Annotations

Branches:
Dungeon (6/15)
 Temple: D:4-7

Altars:
Fedhas
Okawaru
Qazlal
The Shining One

Annotations:
D:4 3 runed translucent doors, Ge0ff's ghost, amateur FoEn


Innate Abilities, Weirdness & Mutations

You can breathe blasts of noxious fumes.
Your lurid green scales are hard. (AC +6)
You cannot fit into any form of body armour.
Your system is resistant to poisons. (rPois)
You are cold-blooded and may be slowed by cold attacks.


Message History

The ice beast hits you. The ice beast freezes you!
You closely miss the ice beast.
The ice beast is almost dead.
The ice beast barely misses you.
Okay, then.
You hit the ice beast but do no damage.
The ice beast is almost dead.
The ice beast closely misses you.
You closely miss the ice beast.
The ice beast is almost dead.
The ice beast hits you.
* * * LOW HITPOINT WARNING * * *
The ice beast freezes you!
You feel yourself slow down.
* * * LOW HITPOINT WARNING * * *
You closely miss the ice beast.
Your tail-slap misses the ice beast.
The ice beast is almost dead.
The ice beast hits you.
* * * LOW HITPOINT WARNING * * *
The ice beast freezes you!
You die...

##############
≈#####≈≈≈≈≈≈≈≈≈≈≈≈≈
≈≈≈≈≈≈≈≈≈≈≈≈≈≈≈≈≈≈≈
≈≈≈≈≈≈≈≈≈≈≈≈≈≈≈≈≈≈≈
≈≈≈..≈..≈≈≈≈.≈.≈≈..
...%......)........
......Y@...........
#####....##(##.....
.......###.# #...#
####)..###.####+##
##..##........#
#..##..####..#
#......#
##.##.####...
#...<.......


You could see an ice beast.

Vanquished Creatures
  Edmund (D:4)
  An ice beast (D:5)
  A phantom (D:4)
  A sky beast (D:5)
  A scorpion (D:5)
  An electric eel (D:6)
  A crimson imp (D:5)
  2 orc priests (D:4)
  2 hounds
  An iguana (D:6)
  Ijyb (D:3)
  Terence (D:2)
  2 worker ants (D:5)
  Natasha (thrice) (D:4)
  4 orc wizards
  A hound skeleton (D:4)
  4 adders
  A shadow imp (D:5)
  An ooze (D:3)
  2 worms
  2 dart slugs
  2 leopard geckos
  13 orcs
  12 bats
  3 giant cockroaches
  6 goblins
  12 hobgoblins
  8 jackals
  2 quokkas
  A ball python (D:2)
  6 frilled lizards
  8 kobolds
  7 rats
114 creatures vanquished.

Vanquished Creatures (collateral kills)
  2 adders
  A worm (D:2)
  A ball python (D:3)
4 creatures vanquished.

Grand Total: 118 creatures vanquished

Notes
Turn   | Place    | Note
-------+----------+-------------------------------------------
     0 | D:1      | sking99 the Draconian Transmuter began the quest for the
                  | Orb.
     0 | D:1      | Reached XP level 1. HP: 16/16 MP: 3/3
   378 | D:1      | Reached XP level 2. HP: 19/23 MP: 3/5
   944 | D:1      | Reached XP level 3. HP: 28/29 MP: 6/6
   948 | D:1      | Learned a level 2 spell: Sticks to Snakes
  1543 | D:1      | Reached skill level 4 in Unarmed Combat
  2171 | D:2      | Noticed Terence
  2182 | D:2      | Killed Terence
  2182 | D:2      | Reached XP level 4. HP: 33/37 MP: 2/7
  2305 | D:2      | Found a glowing golden altar of the Shining One.
  3072 | D:3      | You fall into a shaft and drop 2 floors!
  3072 | D:5      | Entered Level 5 of the Dungeon
  3090 | D:5      | Reached XP level 5. HP: 42/44 MP: 6/8
  3104 | D:5      | Reached skill level 5 in Unarmed Combat
  3303 | D:4      | Found a stormy altar of Qazlal.
  3304 | D:4      | Noticed an air elemental
  3305 | D:4      | Noticed a fire elemental
  3305 | D:4      | Noticed a water elemental
  3312 | D:4      | Noticed a phantom
  3382 | D:4      | Killed a phantom
  3382 | D:4      | Reached skill level 1 in Shields
  3382 | D:4      | Reached XP level 6. HP: 51/51 MP: 9/9
  3670 | D:4      | Noticed Natasha
  3684 | D:4      | Killed Natasha
  3835 | D:4      | Noticed Natasha
  3842 | D:4      | Killed Natasha
  3999 | D:4      | Noticed Edmund
  4048 | D:4      | Noticed Natasha
  4062 | D:4      | Killed Natasha
  4135 | D:4      | Found a runed translucent gate.
  4138 | D:4      | Found a runed translucent gate.
  4138 | D:4      | Noticed a sky beast
  4139 | D:4      | Found a runed translucent gate.
  4140 | D:4      | Noticed Ge0ff's ghost (amateur FoEn)
  4492 | D:4      | Your scales start taking on a lurid green colour.
  4492 | D:4      | Reached XP level 7. HP: 47/58 MP: 10/10
  4492 | D:4      | Gained mutation: Your system is resistant to poisons.
                  | (rPois) [Green Draconian growth]
  4778 | D:4      | Killed Edmund
  4778 | D:4      | Reached skill level 6 in Unarmed Combat
  5441 | D:3      | Noticed Ijyb
  5462 | D:3      | Killed Ijyb
  5492 | D:3      | Found a blossoming altar of Fedhas.
  5492 | D:3      | Found an iron altar of Okawaru.
  5686 | D:3      | Became a worshipper of Warmaster Okawaru
  6391 | D:5      | Reached XP level 8. HP: 67/67 MP: 11/11
  6882 | D:6      | Reached * piety under Okawaru
  6920 | D:6      | HP: 3/67 [ice beast (1)]
  6920 | D:6      | Mangled by an ice beast

Levels and vault maps discovered:
D:1:      ncdulo_halloftheorcs, layout_loops_ring, nrook_loot_triangle,
          minmay_octomino_j4
D:2:      layout_loops_cross, tso_altar, uniq_terence
D:3:      layout_loops_ring, gammafunk_temple_overflow_wave, uniq_ijyb
D:4:      layout_cave_pods, gammafunk_ghost_split, first_ration,
          nicolae_qazlal_style_of_elements, uniq_natasha, uniq_edmund
D:5:      layout_loops_ring, minmay_manual_mess
D:6:      minmay_goblin_kobold_castle, layout_loops_corners

Skill      XL: |  1  2  3  4  5  6  7 |
---------------+----------------------+-----
Fighting       | 2 3 4 |  4.6
Unarmed Combat | 4 5 6 |  6.8
Shields        | 1 2 4 |  4.4
Transmutations | 3 4 |  4.1
Dodging        | |  1.7
Spellcasting   | |  2.0
Invocations    | |  0.2

Action                   |  1- 3 |  4- 6 |  7- 9 || total
-------------------------+-------+-------+-------++-------
Melee: Unarmed           |   179 |   225 |   256 ||   660
       Tailslap          |    18 |    29 |    31 ||    78
       Kick              |     4 |       |       ||     4
       Punch             |     2 |       |       ||     2
       Headbutt          |     2 |     7 |       ||     9
 Cast: Beastly Appendage |     5 |     1 |     1 ||     7
       Sticks to Snakes  |     4 |     4 |     2 ||    10
 Abil: Breathe Noxious F |       |       |     4 ||     4
  Use: Scroll            |       |       |    10 ||    10
 Stab: Sleeping          |       |     1 |     1 ||     2
       Confused          |       |       |     1 ||     1
  Eat: Chunk             |     4 |     9 |     5 ||    18
       Ration            |       |       |     1 ||     1
Armor: Skin              |    49 |    99 |    80 ||   228
Dodge: Dodged            |   123 |   115 |    69 ||   307
Block: Shield            |       |    34 |    65 ||    99
